 Dungeon Crawl Stone Soup version 0.28.0-53-g5a82cb258f (webtiles) character file.

Game seed: 5608289851324504002

44 Zeld the Conjurer (level 3, 0/19 HPs)
             Began as a Gargoyle Conjurer on June 1, 2022.
             Slain by a gnoll
             ... wielding a +0 flail
              (13 damage)
             ... on level 2 of the Dungeon.
             The game lasted 00:01:58 (1581 turns).

Zeld the Conjurer (Gargoyle Conjurer)               Turns: 1581, Time: 00:01:59

Health: 0/19       AC:  5    Str: 10    XL:     3   Next: 62%
Magic:  4/7        EV: 11    Int: 20    God:
Gold:   14         SH:  0    Dex:  8    Spells: 4/7 levels left

rFire   . . .      SeeInvis .   (no weapon)
rCold   . . .      Faith    .   (no shield)
rNeg    + . .      Spirit   .   a - +0 robe
rPois   ∞          Reflect  .   (no helmet)
rElec   +          Harm     .   (no cloak)
rCorr   .          Rampage  .   (no gloves)
Will    .....                   (no boots)
Stlth   ++........              (no amulet)
HPRegen 0.06/turn               (no ring)
MPRegen 0.10/turn               (no ring)

@: no status effects
A: sickness immunity, AC +3, negative energy resistance 1, electricity
resistance, torment resistance 1, petrification resistance
a: no special abilities


You were on level 2 of the Dungeon.
You visited 1 branch of the dungeon, and saw 2 of its levels.

You collected 55 gold pieces.
You spent 41 gold pieces at shops.

Inventory:

Missiles
 c - 24 bolts
Armour
 a - a +0 robe (worn)
Scrolls
 b - a scroll of identify {unknown}
 e - a scroll of noise {unknown}
 g - a scroll of teleportation {unknown}
 h - a scroll of magic mapping {unknown}
Potions
 d - a potion of attraction {unknown}
 f - 2 potions of lignification {unknown}
 i - a potion of haste {unknown}


   Skills:
 - Level 1.5 Dodging
 + Level 2.9 Stealth
 * Level 2.9 Spellcasting
 + Level 4.7 Conjurations


You had 4 spell levels left.
You knew the following spells:

 Your Spells              Type           Power      Damage    Failure   Level
a - Magic Dart            Conj           88%        1d7       1%          1
b - Searing Ray           Conj           44%        2d6       3%          2

Your spell library contained the following spells:

 Spells                   Type           Power      Damage    Failure   Level
 Dazzling Flash           Conj/Hex       24%        N/A       16%         3
 Fulminant Prism          Conj/Hex       6%         3d7       47%         4
 Iskenderun's Mystic Bla  Conj/Tloc      12%        2d5       47%         4


Dungeon Overview and Level Annotations

Branches:
Dungeon (2/15)

Altars:

Shops:
D:2 *


Innate Abilities, Weirdness & Mutations

You are immune to sickness and miasma.
Your stone body is resilient. (AC +3)
You are immune to poison.
You resist negative energy. (rN+)
You are resistant to electric shocks. (rElec)
You are resistant to unholy torment.
You are immune to petrification.


Message History

The searing ray hits the rat!
You kill the rat! (Press . to maintain the ray.) Unknown command.
A gnoll comes into view. It is wielding a +0 flail.
The gnoll shouts!
A gnoll comes into view. It is wielding a +0 whip.
There are monsters nearby!
The gnoll shouts!
You hear a shout!
There are monsters nearby!
You hit the gnoll.
The gnoll is lightly wounded.
The gnoll hits you but does no damage.
Casting: Searing Ray (safe; 3% risk of failure)
Confirm with . or Enter, or press ? or * to list all spells.
Aiming: Searing Ray (safe; 3% risk of failure)
Press: ? - help, Shift-Dir - straight line, f - gnoll
Aim: a gnoll, wielding a +0 whip (81% to hit)
The searing ray misses the gnoll.
The searing ray hits the gnoll!
The gnoll is severely wounded. (Press . to maintain the ray.)
The gnoll hits you but does no damage.
A gnoll comes into view. It is wielding a +0 flail.
The searing ray hits the gnoll.
The gnoll is heavily wounded.
The searing ray hits the gnoll!
You kill the gnoll!
You hear an angry hiss.
A frilled lizard comes into view.
The gnoll hits you with a +0 flail!
The searing ray hits the gnoll.
The gnoll is heavily wounded.
The searing ray hits the frilled lizard.
You kill the frilled lizard!
The gnoll barely misses you.
Unknown command.
A gnoll comes into view. It is wielding a +0 flail.
The gnoll hits you with a +0 flail!
Ouch! That really hurt!
You die...

#.....##.#.........#
###.####.#.#...#.#.#
#.###....)#.#....#
#.##...#...∩...###
#.##..##..#.#..##
#######.##..##.#...#..#
#.....#g##..##........##
###.###...>.#g##.............#
............#@###.##########.#
#######.....#.# #.# #.#
#.............# #.# #<#
#.######...#### #.# #.# #.#
#...# #.#### #.# #.# #...#
#....# #.# #.# #...#
####.#######.# #.#
#...########..........# #.#
#.............#########


You could see 2 gnolls.

Vanquished Creatures
  A gnoll (D:2)
  An adder (D:2)
  2 ball pythons (D:1)
  An endoplasm (D:1)
  2 giant cockroaches (D:1)
  4 goblins (D:1)
  4 hobgoblins
  3 kobolds
  A bat (D:1)
  A frilled lizard (D:2)
  6 rats
26 creatures vanquished.

Notes
Turn   | Place    | Note
-------+----------+-------------------------------------------
     0 | D:1      | Zeld the Gargoyle Conjurer began the quest for the Orb.
     0 | D:1      | Reached XP level 1. HP: 10/10 MP: 3/3
   145 | D:1      | Found a faded altar of an unknown god.
   220 | D:1      | Reached XP level 2. HP: 9/15 MP: 3/5
   225 | D:1      | Learned a level 2 spell: Searing Ray
  1297 | D:2      | Found Ummibawy's Assorted Antiques.
  1325 | D:2      | Bought a smoky puce potion for 13 gold pieces
  1325 | D:2      | Bought a scroll labelled GYASKY ZEORASK for 15 gold pieces
  1325 | D:2      | Bought a murky golden potion for 13 gold pieces
  1423 | D:2      | Reached XP level 3. HP: 19/19 MP: 2/7
  1581 | D:2      | Slain by a gnoll

Illustrated notes

Levels and vault maps discovered:
D:1:      dpeg_arrival_court, layout_loops_ring,
          hellmonk_ecumenical_altar_heavens_door, chequers_serial_rivers_micro_d
D:2:      layout_loops_ring, serial_shops, nicolae_shop_advertising_works
          [nicolae_subvault_shop_adworks], uniq_robin, uniq_natasha

Action                   || total
-------------------------++-------
Melee: Unarmed           ||     2
 Cast: Magic Dart        ||    15
       Searing Ray       ||    12
Armor: Robe              ||     5
Dodge: Dodged            ||     7
